 Dungeon Crawl Stone Soup version 0.24.0-13-gcf9b3192b9 (webtiles) character file.

Game seed: 15518416786374600370, levelgen mode: deterministic

134 Masnef the Sneak (level 4, -5/35 HPs)
             Began as a Draconian Enchanter on Nov 7, 2019.
             Slain by a river rat (6 damage)
             ... on level 4 of the Dungeon.
             The game lasted 00:07:28 (3065 turns).

Masnef the Sneak (Draconian Enchanter)              Turns: 3065, Time: 00:07:28

Health: -5/35      AC:  7    Str: 16    XL:     4   Next: 95%
Magic:  0/7        EV: 12    Int: 16    God:
Gold:   239        SH:  0    Dex: 11    Spells: 1/7 levels left

rFire    . . .     SeeInvis .   a - +1 dagger
rCold    . . .     Gourm    .   (no shield)
rNeg     . . .     Faith    .   (armour unavailable)
rPois    .         Spirit   .   (helmet restricted)
rElec    .         Reflect  .   (no cloak)
rCorr    .         Harm     .   m - +1 pair of gloves
MR       .....                  (no boots)
Stlth    +.........             (no amulet)
HPRegen  0.11/turn              (no ring)
MPRegen  0.10/turn              (no ring)

@: mighty, lethally poisoned (-5 -> -14), about to teleport, very slightly
contaminated, very slow
A: unfitting armour, cold-blooded, AC +5
a: no special abilities


You were on level 4 of the Dungeon.
You were very hungry.

You visited 1 branch of the dungeon, and saw 4 of its levels.

You collected 239 gold pieces.

Inventory:

Hand Weapons
 a - a +1 dagger (weapon)
 n - a +5 hunting sling
Missiles
 o - 60 stones (quivered)
Armour
 e - a +0 large shield
 m - a +1 pair of gloves (worn)
Scrolls
 b - 3 scrolls of amnesia {unknown}
 f - 2 scrolls of enchant armour
 i - a scroll of magic mapping
 j - a scroll of teleportation
 k - 2 scrolls of identify {unknown}
Comestibles
 c - 7 rations


   Skills:
 + Level 1.0 Fighting
 + Level 2.4 Short Blades
 + Level 0.7(1.0) Slings
 - Level 0.9(1.1) Throwing
 - Level 1.9 Dodging
 + Level 3.4 Stealth
 - Level 2.1 Spellcasting
 + Level 3.4 Hexes


You had one spell level left.
You knew the following spells:

 Your Spells              Type           Power        Failure   Level  Hunger
a - Corona                Hex            ##.....      4%          1    #......
b - Ensorcelled Hibernat  Hex/Ice        #.....       16%         2    ###....
c - Confuse               Hex            ##......     16%         3    ###....

Your spell library contained the following spells:

 Spells                   Type           Power        Failure   Level  Hunger
 Tukima's Dance           Hex            ##......     16%         3    ###....
 Dazzling Spray           Conj/Hex       #.....       30%         3    ###....
 Recall                   Summ/Tloc      N/A          52%         3    ###....
 Animate Dead             Necr           N/A          90%         4    #####..
 Borgnjor's Vile Clutch   Necr/Erth      #.........   99%         5    ######.
 Death Channel            Necr           #.........   100%        6    #######
 Simulacrum               Ice/Necr       #.........   100%        6    #######


Dungeon Overview and Level Annotations

Branches:
Dungeon (4/15)             Temple (0/1) D:4

Altars:
Elyvilon

Annotations:
D:4 Edmund


Innate Abilities, Weirdness & Mutations

Your plain brown scales are hard. (AC +5)
You cannot fit into any form of body armour.
You are cold-blooded and may be slowed by cold attacks.


Message History

Confirm with . or Enter, or press ? or * to list all spells.
You don't have enough magic to cast that spell.
You aren't carrying any items that you can evoke.
You aren't carrying any potions.
As you read the scroll labeled DOLOTS KOWEO, it crumbles to dust.
You feel strangely unstable.
It was a scroll of teleportation.
The adder bites you.
* * * LOW HITPOINT WARNING * * *
The phantom blinks!
The river rat closely misses you.
Unknown command.
The adder bites you.
* * * LOW HITPOINT WARNING * * *
You are poisoned.
The adder poisons you! The adder bites you.
* * * LOW HITPOINT WARNING * * *
You are more poisoned.
The adder poisons you! The phantom hits you.
* * * LOW HITPOINT WARNING * * *
The river rat bites you.
You die...

,,,,,,,,,,,*≈≈≈**≈*≈*
*********,**≈*≈**≈*≈*
*,**≈*≈*≈≈*≈*
******,**≈*≈*≈**≈*
*,,,,,,**≈*≈*≈≈≈≈*
*,*******≈*≈*≈****
*,,,,,* *≈*≈≈≈≈§≈#
*,,,,.##########§#
*,,,,...≈≈≈§W@rSS#
****,,,,,*#≈≈#§#S#####
,,,,,,,,,*#.≈.≈§§§≈..##
******,***#.....≈..(..#
*,***#...........#
*,,....##..####..#
***###,*#........#
*,*#.######## ***
*,*#<#


You could see a phantom, 3 adders and a river rat.

Vanquished Creatures
  6 adders
  A worm (D:4)
  2 dart slugs (D:1)
  2 leopard geckos (D:3)
  11 orcs (D:3)
  A ball python (D:3)
  2 giant cockroaches
  3 goblins
  8 hobgoblins
  11 kobolds
  A quokka (D:2)
  4 bats
  3 frilled lizards
  7 rats
62 creatures vanquished.

Notes
Turn   | Place    | Note
-------+----------+-------------------------------------------
     0 | D:1      | Masnef the Draconian Enchanter began the quest for the Orb.
     0 | D:1      | Reached XP level 1. HP: 14/14 MP: 3/3
   281 | D:1      | Reached XP level 2. HP: 17/20 MP: 5/5
   376 | D:1      | Learned a level 2 spell: Ensorcelled Hibernation
  1123 | D:2      | Reached XP level 3. HP: 26/26 MP: 3/6
  1314 | D:2      | Found a white marble altar of Elyvilon.
  1768 | D:3      | Learned a level 3 spell: Confuse
  1783 | D:3      | Reached XP level 4. HP: 32/33 MP: 7/7
  2753 | D:3      | Reached skill level 1 in Fighting
  2994 | D:4      | Noticed Edmund
  3026 | D:4      | Noticed a phantom
  3065 | D:4      | HP: 1/35 [phantom (1)]
  3065 | D:4      | Slain by a river rat

Levels and vault maps discovered:
D:1:      wander_arrival_peaceful_grave, layout_basic
D:2:      layout_basic, lemuel_round_altar
D:3:      minmay_diamond_boxcup, layout_basic
D:4:      layout_loops_ring, overflow_temple_1_default,
          minmay_temple_entry_stoned_glass, enter_ossuary_5, first_ration,
          lightli_sewer_entry_pipes, uniq_sigmund, uniq_menkaure, uniq_edmund,
          uniq_duvessa

Skill      XL: |  1  2  3  4 |
---------------+-------------+-----
Hexes          | 3 |  3.4
Stealth        | 3 |  3.4
Short Blades   | 2 |  2.4
Fighting       | 1 |  1.0
Slings         | |  0.7
Throwing       | |  0.9
Dodging        | |  1.9
Spellcasting   | |  2.1

Action                   |  1- 3 |  4- 6 || total
-------------------------+-------+-------++-------
Melee: Dagger            |    88 |    64 ||   152
       Tailslap          |     5 |     4 ||     9
 Fire: Hunting sling     |    37 |    12 ||    49
 Cast: Ensorcelled Hiber |     1 |     4 ||     5
       Confuse           |       |     2 ||     2
       Corona            |       |     1 ||     1
  Use: Potion            |       |     5 ||     5
       Scroll            |       |     4 ||     4
 Stab: Sleeping          |     7 |     7 ||    14
       Distracted        |       |     2 ||     2
  Eat: Chunk             |     2 |     4 ||     6
Armor: Skin              |    20 |    32 ||    52
Dodge: Dodged            |    58 |    68 ||   126
